 Dungeon Sprint DCSS version 0.14-a0-3295-g3fd807f (webtiles) character file.

22 BluebellGnoll the Covert (level 2, 8/13 HPs)
             Began as a Spriggan Enchanter on Mar 14, 2014.
             Was a Believer of Vehumet.
             Quit the game in the Dungeon (Sprint VII: "The Pits").
             The game lasted 00:01:58 (130 turns).

BluebellGnoll the Covert (Spriggan Enchanter)        Turns: 130, Time: 00:01:59

HP   8/13        AC  3     Str  4      XL: 2   Next: 68%
MP   3/7         EV 18     Int 16      God: Vehumet [**....]
Gold 0           SH  0     Dex 16      Spells:  2 memorised,  3 levels left

rFire  . . .     SeeInvis +     l - +2 dagger
rCold  . . .     Clarity  .     b - +1 robe
rNeg   . . .     Conserve .     (shield restricted)
rPois  .         rCorr    .     (helmet restricted)
rElec  .         rRot     .     (no cloak)
SustAb . .       Spirit   .     (gloves unavailable)
rMut   .         Warding  .     (boots unavailable)
Saprov . . .     NoTele   +     (no amulet)
MR     .....                    (no ring)
                                (no ring)

@: very quick, not resistant to hostile enchantments, very stealthy
A: unfitting armour, see invisible, herbivore 3, speed 3, slow metabolism 2
a: Renounce Religion


You were in the Dungeon.
You worshipped Vehumet.
Vehumet was pleased with you.
You were not hungry.

You visited 1 branch

Inventory:

Hand weapons
 a - a +1,+1 dagger
 l - a +2,+2 dagger (weapon)
Missiles
 d - 12 darts (quivered)
Armour
 b - a +1 robe (worn)
Scrolls
 k - a scroll of blinking
 m - 2 scrolls of vulnerability
 n - 3 scrolls of remove curse
 o - 5 scrolls of amnesia
 p - a scroll of summoning
Potions
 e - a potion of porridge
 f - a potion of curing
 g - a potion of heal wounds
 h - a potion of haste
 i - 4 potions of magic
 j - 3 potions of berserk rage
 q - 2 potions of invisibility
Books
 c - a book of Maledictions

   Spells                             Type                      Level
   *Corona                            Hexes                        1
   Sure Blade                         Hexes/Charms                 2
   *Ensorcelled Hibernation           Hexes/Ice                    2
   Confuse                            Hexes                        3
   Enslavement                        Hexes                        4
   Invisibility                       Hexes                        6


   Skills:
 - Level 1.1 Short Blades
 - Level 1.1 Throwing
 - Level 3.0 Dodging
 + Level 9.1 Stealth
 - Level 2.6 Spellcasting
 - Level 3.6 Hexes


You had 3 spell levels left.
You knew the following spells:

 Your Spells              Type           Power        Failure   Level  Hunger
a - Corona                Hex            ##.....      6%          1    #......
b - Ensorcelled Hibernat  Hex/Ice        #.....       17%         2    ##.....


Dungeon Overview and Level Annotations

Branches:
Dungeon (1/1)

Altars:
Ashenzari
Cheibriados
Dithmenos
Elyvilon
Fedhas
Kikubaaqudgha
Makhleb
Nemelex Xobeh
Okawaru
Sif Muna
Trog
Vehumet
Xom
Yredelemnul
Zin
The Shining One
Beogh
Jiyva
Lugonu


Innate Abilities, Weirdness & Mutations

You are tiny and cannot use many weapons and most armour.
You have supernaturally acute eyesight.
You are a herbivore.
You cover ground extremely quickly.
You need consume almost no food.


Message History

Aiming: Ensorcelled Hibernation
Press: ? - help, Shift-Dir - straight line, f - jackal
Aim: a jackal The jackal looks drowsy...
The helpless jackal fails to defend itself.
You impale the jackal!!
You kill the jackal!
Vehumet accepts your kill.
You hear a slurping noise.
The jelly hits you but does no damage.
There is an open door to the Storerooms (Easy) here.
You close the door.
Okay, then.
You start resting.
You hear a slurping noise.
The jelly splits in two!
The jelly eats the door!
Are you sure you want to abandon this character and quit the game? (Confirm with "yes".)
Okay, then.
Unknown command.
Are you sure you want to abandon this character and quit the game? (Confirm with "yes".)

########### __________#
_____.____#
######'##############++
.))..'.'%.##............
.))).#.#.(##......#..#..
######'#####............
.............J...........
+#####'#####l.J.@.#..#.
#..#..#..##.............
#%.h%ho.%#####'#####++#
##h####J###.......#
#....h...##.......#
#....l...##.......#
#####+#####...<...#
#.......# #.......#


You could see 2 jellies and a giant newt.

Vanquished Creatures
  A green rat (D)
  A giant mite (D)
  An orc (D)
  2 hobgoblins (D)
  A ball python (D)
  A giant cockroach (D)
  2 jackals (D)
9 creatures vanquished.

Notes
Turn   | Place    | Note
--------------------------------------------------------------
     0 | D        | BluebellGnoll, the Spriggan Enchanter, began the quest for the Orb.
     0 | D        | Reached XP level 1. HP: 9/9 MP: 4/4
    11 | D        | Reached skill level 4 in Stealth
    19 | D        | Found a shadowy altar of Dithmenos.
    19 | D        | Found a basalt altar of Yredelemnul.
    19 | D        | Found a deep blue altar of Sif Muna.
    19 | D        | Found a burning altar of Makhleb.
    19 | D        | Found a shimmering altar of Xom.
    19 | D        | Found an ancient bone altar of Kikubaaqudgha.
    19 | D        | Found a sparkling altar of Nemelex Xobeh.
    20 | D        | Found a glowing golden altar of the Shining One.
    20 | D        | Found a bloodstained altar of Trog.
    20 | D        | Found a shattered altar of Ashenzari.
    20 | D        | Found a white marble altar of Elyvilon.
    20 | D        | Found a snail-covered altar of Cheibriados.
    20 | D        | Found a blossoming altar of Fedhas.
    20 | D        | Found a radiant altar of Vehumet.
    20 | D        | Found a glowing silver altar of Zin.
    20 | D        | Found a corrupted altar of Lugonu.
    20 | D        | Found a viscous altar of Jiyva.
    20 | D        | Found a roughly hewn altar of Beogh.
    20 | D        | Found an iron altar of Okawaru.
    27 | D        | Became a worshipper of Vehumet
    60 | D        | Reached skill level 5 in Stealth
    65 | D        | Reached skill level 7 in Stealth
    65 | D        | Reached XP level 2. HP: 13/13 MP: 7/7
    67 | D        | Acquired Vehumet's first power
    67 | D        | Offered knowledge of Magic Dart by Vehumet.
    71 | D        | Learned a level 2 spell: Ensorcelled Hibernation
    89 | D        | Reached skill level 8 in Stealth
    99 | D        | Noticed a jelly
   118 | D        | Reached skill level 9 in Stealth
   130 | D        | Quit the game

Action                   || total
-------------------------++-------
Melee: Dagger            ||    21
 Cast: Ensorcelled Hiber ||     3
 Stab: Sleeping          ||     7
